 Dungeon Crawl Stone Soup version 0.30-a0-358-g0d69a1922f (webtiles) character file.

Game seed: 8607917131626996879

59635 purpskrrrp the Brawler (level 14, -8/128 HPs)
             Began as a Troll Warper on Nov 9, 2022.
             Was the Champion of Hepliaklqana.
             Mangled by a stone giant skeleton (24 damage)
             ... on level 15 of the Dungeon.
             The game lasted 00:44:05 (16220 turns).

purpskrrrp the Brawler (Troll Warper)              Turns: 16220, Time: 00:44:05

Health: -8/128     AC: 11    Str: 32    XL:     14   Next: 53%
Magic:  14/14      EV: 13    Int:  9    God:    Hepliaklqana [******]
Gold:   1640       SH:  5    Dex: 13    Spells: 10/16 levels left

rFire   . . .      SeeInvis .      - Unarmed
rCold   . . .      Faith    .    (no shield)
rNeg    . . .      Spirit   .    I - +1 acid dragon scales
rPois   +          Reflect  +    (helmet restricted)
rElec   +          Harm     .    k - scarf {shadows}
rCorr   +          Rampage  .    (gloves unavailable)
Will    +++..                    (boots unavailable)
Stlth   +.........               Q - amulet of Soupn {Reflect +Inv rElec Str+6 SH+5}
HPRegen 1.21/turn                C - ring of poison resistance
MPRegen 0.14/turn                f - +6 ring of dexterity

@: hasted, studying Ranged Weapons, very quick
A: reduced essence, large, unfitting armour, claws 3, regeneration 1, shaggy fur
1, tough skin 1, clumsy 1, low MP 1, strong-willed 2
a: Renounce Religion, Evoke Invisibility, Recall Ancestor, Ancestor Identity,
Transference, Idealise


You were on level 15 of the Dungeon.
You worshipped Hepliaklqana.
Hepliaklqana was exalted by your worship.
You visited 2 branches of the dungeon, and saw 16 of its levels.
You also visited: Bailey.

You collected 2036 gold pieces.
You spent 396 gold pieces at shops.

Inventory:

Hand Weapons
 F - a +9 quarterstaff of freezing
 G - a +4 eveningstar of draining
 R - a +2 demon whip of draining
Missiles
 h - a throwing net
 r - 8 boomerangs
 O - 30 large rocks
Armour
 a - a +0 robe
 k - a scarf of shadows (worn)
 w - a +0 robe of willpower
 x - a +0 cloak
 A - a +2 troll leather armour
 I - +1 acid dragon scales (worn)
Jewellery
 b - an amulet of the acrobat
 f - a +6 ring of dexterity (right claw)
 j - a +6 ring of intelligence
 q - an amulet of regeneration
 z - the amulet of Fehoov {Spirit -Tele Regen+ rCorr Str+5}
   (You acquired it in a bailey)

   [amulet of guardian spirit]

   It causes incoming damage to be divided between your reserves of health and
   magic.
   Str:       It affects your strength (+5).
   -Tele:     It prevents most forms of teleportation.
   Regen:     It increases your rate of health regeneration.
   rCorr:     It protects you from acid and corrosion.
 C - a ring of poison resistance (left claw)
 D - an amulet of magic regeneration
 L - a ring of fire
 Q - the amulet of Soupn (around neck) {Reflect +Inv rElec Str+6 SH+5}
   (You found it on level 12 of the Dungeon)

   [amulet of reflection]

   It reflects blocked missile attacks.
   Str:       It affects your strength (+6).
   rElec:     It insulates you from electricity.
   +Inv:      It lets you turn invisible.
   SH:        It affects your SH (+5).
Wands
 t - a wand of iceblast (13)
 u - a wand of acid (12)
 v - a wand of paralysis (11)
 y - a wand of flame (57)
Scrolls
 i - 3 scrolls of fog
 l - 4 scrolls of magic mapping
 m - 5 scrolls of teleportation
 n - 5 scrolls of fear
 o - 7 scrolls of vulnerability
 J - a scroll of summoning
 K - a scroll of silence
 M - 3 scrolls of poison
 N - 4 scrolls of immolation
Potions
 c - a potion of curing
 d - a potion of degeneration
 e - 4 potions of haste
 g - 3 potions of brilliance
 p - 3 potions of might
 s - a potion of ambrosia
 B - 4 potions of lignification
 E - a potion of resistance
 H - a potion of flight {unknown}


   Skills:
 + Level 10.1 Fighting
 - Level 0.8 Throwing
 + Level 7.5 Armour
 + Level 10.2 Dodging
 * Level 16.1 Unarmed Combat
 + Level 1.8 Spellcasting
 + Level 6.6 Translocations


You had 10 spell levels left.
You knew the following spells:

 Your Spells              Type           Power      Damage    Failure   Level
a - Manifold Assault      Tloc           12%        N/A       26%         4
b - Blink                 Tloc           24%        N/A       4%          2

Your spell library contained the following spells:

 Spells                   Type           Power      Damage    Failure   Level
 Lesser Beckoning         Tloc           24%        N/A       8%          3
 Teleport Other           Tloc           12%        N/A       8%          3
 Portal Projectile        Hex/Tloc       12%        N/A       30%         3
 Vhi's Electric Charge    Tloc/Air       12%        N/A       30%         3
 Shock                    Conj/Air       0%         1d3       36%         1
 Slow                     Hex            0%         N/A       36%         1
 Summon Small Mammal      Summ           0%         N/A       36%         1
 Cigotuvi's Dreadful Rot  Necr/Pois/Air  0%         N/A       52%         2
 Poisonous Vapours        Pois/Air       0%         N/A       52%         2
 Static Discharge         Conj/Air       0%         2-2/arc   52%         2
 Iskenderun's Mystic Bla  Conj/Tloc      6%         2d4       69%         4
 Call Canine Familiar     Summ           0%         N/A       75%         3
 Confusing Touch          Hex            0%         N/A       75%         3
 Dazzling Flash           Conj/Hex       0%         N/A       75%         3
 Mephitic Cloud           Conj/Pois/Air  0%         N/A       75%         3
 Ozocubu's Armour         Ice            0%         N/A       75%         3
 Summon Guardian Golem    Hex/Summ       0%         N/A       75%         3
 Swiftness                Air            0%         N/A       75%         3
 Tukima's Dance           Hex            0%         N/A       75%         3
 Vampiric Draining        Necr           0%         2d6       75%         3
 Airstrike                Air            0%         2d(0-16)  98%         4
 Cause Fear               Hex            0%         N/A       98%         4
 Leda's Liquefaction      Hex/Erth       0%         N/A       98%         4
 Summon Lightning Spire   Summ/Air       0%         N/A       98%         4
 Arcjolt                  Conj/Air       0%         1d10      100%        5
 Blade Hands              Tmut           0%         N/A       100%        5
 Lee's Rapid Deconstruct  Erth           0%         3d4*      100%        5
 Lightning Bolt           Conj/Air       0%         1d11      100%        5
 Metabolic Englaciation   Hex/Ice        0%         N/A       100%        5
 Simulacrum               Ice/Necr       0%         N/A       100%        6
 Starburst                Conj/Fire      0%         6d3       100%        6
 Statue Form              Tmut/Erth      0%         N/A       100%        6
 Dragon Form              Tmut           0%         N/A       100%        7
 Dragon's Call            Summ           0%         N/A       100%        9


Dungeon Overview and Level Annotations

Branches:
Dungeon (15/15)            Temple (1/1) D:6            Lair (0/5) D:11
    Orc (0/2) D:10         Vaults (0/5) D:14         Depths (0/4) D:15
 Bailey (visited)

Altars:
Ashenzari
Cheibriados
Dithmenos
Elyvilon
Fedhas
Gozag
Hepliaklqana
Kikubaaqudgha
Makhleb
Nemelex Xobeh
Okawaru
Qazlal
Ru
Sif Muna
Trog
Uskayaw
Vehumet
Wu Jian
Xom
Yredelemnul
Zin
The Shining One
Jiyva

Shops:
D:7 =   D:8 :   D:15 :*


Innate Abilities, Weirdness & Mutations

Your life essence is reduced to manifest your ancestor. (-10% HP)
You are too large for most types of armour.
You have claws for hands.
Your natural rate of healing is unusually fast.
You are covered in fur. (AC +1)
You have tough skin. (AC +1)
You are clumsy. (Dex -2)
Your magical capacity is low. (-10% MP)
You are highly strong-willed. (Will++)


Message History

You claw the skeletal warrior!
The skeletal warrior is heavily damaged.
The skeletal warrior hits you with a +0 battleaxe of freezing!!
The skeletal warrior freezes you.
Kheti hits the fire giant zombie with a +0 quarterstaff!
The fire giant zombie hits Kheti!
You mangle the skeletal warrior!!
The skeletal warrior is severely damaged.
The skeletal warrior misses you.
The stone giant skeleton hits you but does no damage.
You mangle the skeletal warrior!!
You destroy the skeletal warrior!
Kheti casts a spell at the fire giant zombie.
The stone arrow hits the fire giant zombie!!
The fire giant zombie closely misses Kheti.
You barely miss the skeletal warrior. The stone giant skeleton hits you!
Kheti hits the fire giant zombie with a +0 quarterstaff!
You mangle the skeletal warrior!!
The skeletal warrior is heavily damaged.
The fire giant zombie hits Kheti!!
Kheti is destroyed!
The skeletal warrior barely misses you.
You block the stone giant skeleton's attack.
You closely miss the skeletal warrior.
The skeletal warrior is heavily damaged.
The skeletal warrior hits you with a +0 hand axe!
You claw the skeletal warrior!
The skeletal warrior is severely damaged.
The stone giant skeleton hits you!!
* * * LOW HITPOINT WARNING * * *
You scratch the skeletal warrior but do no damage.
The skeletal warrior is severely damaged.
The skeletal warrior hits you with a +0 hand axe.
* * * LOW HITPOINT WARNING * * *
You feel yourself speed up.
You block the fire giant zombie's attack.
The skeletal warrior hits you with a +0 hand axe!
* * * LOW HITPOINT WARNING * * *
The stone giant skeleton hits you!!
You die...

.# #...Z....P
..............88......
##.....................
#...............P8.....
.......[.P..8.>.......#
............###
8..8....8.....#
.....)zZP.....##
......8@.8.....
8.....Z......#
...........###
..........###
............##
...........∩.# ##
...........## .#
......##...# .# ##.
....###....### #


You could see a skeletal warrior, a fire giant zombie and a stone giant
skeleton.

Vanquished Creatures
  A tengu reaver (D:12)
  An orc warlord (Bailey)
  A deep elf annihilator (D:12)
  A fire dragon (D:12)
  Snorg (D:11)
  An entropy weaver (shapeshifter) (D:14)
  Josephine (D:12)
  A quicksilver dragon skeleton (D:15)
  6 centaur warriors
  3 two-headed ogres
  5 boulder beetles
  2 dancing weapons
  A vampire mage (D:15)
  A tengu warrior (D:15)
  Nergalle (D:11)
  5 skeletal warriors
  The ghost of avis the Skirmisher, a novice DgIE (D:8)
  The ghost of lunkers the Geomancer, a novice MeEE of Vehumet (D:7)
  2 orc knights
  A necromancer (D:15)
  2 deep elf pyromancers
  6 cyclopes
  A wolf spider (D:12)
  3 ugly things
  7 manticores
  The ghost of Maxmaps the Cudgeller, a novice OgMo (D:5)
  A torpor snail (shapeshifter) (D:15)
  A gargoyle (D:7)
  Psyche (D:9)
  An unseen horror (D:12)
  2 efreet (D:14)
  2 komodo dragons
  2 kobold demonologists (D:11)
  A freezing wraith (D:15)
  10 trolls
  5 meliai
  3 slime creatures
  2 shadows (D:11)
  2 vampires
  8 wraiths
  5 yaks
  A steam dragon (D:7)
  12 vampire mosquitoes
  3 wargs (D:11)
  2 water moccasins
  An acid dragon (D:10)
  4 sky beasts
  16 orc warriors
  3 ice beasts
  2 ogres
  18 centaurs
  2 phantoms (D:7)
  2 kobold brigands (D:11)
  4 bullfrogs
  3 scorpions
  4 necrophages
  A gnoll sergeant (D:9)
  11 wights
  A killer bee (D:11)
  6 howler monkeys
  2 quasits (D:5)
  5 jellies
  5 hounds
  8 orc priests
  A gnoll bouda (D:7)
  Natasha (thrice) (D:3)
  6 iguanas
  8 orc wizards
  9 gnolls
  6 adders
  A shadow imp (D:8)
  5 white imps
  2 dart slugs
  34 orcs
  8 ball pythons
  2 bats
  6 endoplasms
  2 giant cockroaches (D:1)
  3 goblins (Bailey)
  12 hobgoblins
  3 quokkas
  5 frilled lizards
  13 kobolds
  10 rats
358 creatures vanquished.

Vanquished Creatures (collateral kills)
  3 hydras (D:14)
  A centaur warrior (D:14)
  A dancing weapon (D:14)
  A boulder beetle (D:12)
  2 deep elf pyromancers
  A manticore (D:13)
  An ugly thing (D:14)
  2 cyclopes (D:14)
  A frost giant skeleton (D:15)
  A kobold demonologist (D:8)
  A freezing wraith (D:15)
  A tengu conjurer (D:15)
  A troll (D:12)
  A meliai (D:15)
  4 slime creatures
  A vampire (D:12)
  6 yaks
  A basilisk (D:13)
  4 vampire mosquitoes
  A harpy simulacrum (D:14)
  An acid dragon (D:8)
  5 orc warriors
  A black bear (D:6)
  A sky beast (D:6)
  An ice beast (D:6)
  A centaur (D:14)
  2 kobold brigands
  5 bullfrogs
  A wight (D:6)
  2 howler monkeys
  2 hounds (D:5)
  A quasit (D:5)
  2 orc priests
  A jelly (D:7)
  3 iguanas
  6 orc wizards
  5 gnolls
  A worm (D:3)
  15 orcs
  6 goblins
  5 hobgoblins
  5 kobolds
  A bat (D:3)
108 creatures vanquished.

Vanquished Creatures (others)
  An orc wizard (D:14)
  18 battlemagi
  An ancestor (D:3)
  A plant (D:3)
  5 withered plants (D:15)
26 creatures vanquished.

Grand Total: 492 creatures vanquished

Notes
Turn   | Place    | Note
-------+----------+-------------------------------------------
     0 | D:1      | purpskrrrp the Troll Warper began the quest for the Orb.
     0 | D:1      | Reached XP level 1. HP: 19/19 MP: 1/1
   149 | D:1      | Reached XP level 2. HP: 27/27 MP: 2/2
   428 | D:1      | Reached skill level 3 in Unarmed Combat
   825 | D:2      | Reached XP level 3. HP: 33/33 MP: 3/3
   922 | D:2      | Found a faded altar of an unknown god.
   998 | D:2      | Prayed at the altar of an unknown god.
   998 | D:2      | Became a worshipper of Hepliaklqana the Forgotten
   998 | D:2      | Reached * piety under Hepliaklqana
  1444 | D:3      | Reached skill level 4 in Unarmed Combat
  1512 | D:3      | Noticed Natasha
  1517 | D:3      | Killed Natasha
  1518 | D:3      | Reached XP level 4. HP: 28/36 MP: 4/4
  1805 | D:3      | Reached skill level 5 in Unarmed Combat
  1961 | D:3      | Reached XP level 5. HP: 27/43 MP: 5/5
  2124 | D:3      | Noticed Natasha
  2127 | D:3      | Killed Natasha
  2280 | D:3      | Reached skill level 6 in Unarmed Combat
  2329 | D:3      | Noticed Natasha
  2334 | D:3      | Killed Natasha
  2335 | D:3      | Reached XP level 6. HP: 46/49 MP: 6/6
  2638 | D:4      | Reached ** piety under Hepliaklqana
  2639 | D:4      | Remembered your ancestor Kheti as a battlemage
  3129 | D:4      | Reached skill level 7 in Unarmed Combat
  3525 | D:5      | Entered Level 5 of the Dungeon
  3584 | D:5      | Noticed a water moccasin
  3587 | D:5      | Killed a water moccasin
  3588 | D:5      | Reached XP level 7. HP: 55/55 MP: 7/7
  3591 | D:5      | Reached skill level 8 in Unarmed Combat
  3772 | D:5      | Found a transporter.
  3785 | D:5      | Reached *** piety under Hepliaklqana
  3836 | D:5      | Found a radiant altar of Vehumet.
  3932 | D:5      | Reached XP level 8. HP: 58/66 MP: 8/8
  4047 | D:5      | Found a transporter.
  4502 | D:5      | Noticed Maxmaps's ghost (novice OgMo)
  4530 | D:5      | Killed Maxmaps's ghost
  4531 | D:5      | Reached skill level 9 in Unarmed Combat
  4648 | D:6      | Found a staircase to the Ecumenical Temple.
  4667 | Temple   | Entered the Ecumenical Temple
  4846 | D:6      | Reached XP level 9. HP: 41/76 MP: 9/9
  4968 | D:6      | Found a burning altar of Makhleb.
  4988 | D:6      | Reached skill level 5 in Dodging
  5118 | D:6      | Reached skill level 5 in Fighting
  5120 | D:6      | Reached skill level 10 in Unarmed Combat
  5510 | D:7      | Found Piarep's Jewellery Shoppe.
  5564 | D:7      | Found a flagged portal.
  5565 | D:7      | Noticed a troll
  5571 | D:7      | Killed a troll
  5591 | Bailey   | Entered a bailey
  5602 | Bailey   | Reached **** piety under Hepliaklqana
  5845 | Bailey   | Reached XP level 10. HP: 77/88 MP: 10/10
  5890 | Bailey   | Noticed an orc warlord
  5913 | Bailey   | Killed an orc warlord
  5914 | Bailey   | Reached skill level 11 in Unarmed Combat
  5984 | Bailey   | Acquired the amulet of Fehoov {Spirit -Tele Regen+ rCorr
                  | Str+5}
  6007 | D:7      | Acquired 273 gold pieces
  6172 | D:7      | Reached skill level 1 in Armour
  6421 | D:7      | Found a runed translucent door.
  6422 | D:7      | Found a shimmering altar of Xom.
  6422 | D:7      | Noticed lunkers's ghost (novice MeEE)
  6422 | D:7      | Noticed a +1 mace of chaos
  6610 | D:7      | Found a hazy altar of Hepliaklqana.
  6610 | D:7      | Noticed a gargoyle
  6612 | D:7      | Found a faded altar of an unknown god.
  6619 | D:7      | Killed a gargoyle
  7014 | D:8      | Found a runed translucent door.
  7016 | D:8      | Noticed avis's ghost (novice DgIE)
  7016 | D:8      | Noticed a centaur warrior
  7065 | D:8      | Found an ancient bone altar of Kikubaaqudgha.
  7175 | D:8      | Reached XP level 11. HP: 98/98 MP: 8/11
  7329 | D:8      | Found a sacrificial altar of Ru.
  7397 | D:8      | Found Gyinozim's Tremendous Tomes.
  7577 | D:8      | Found a snail-covered altar of Cheibriados.
  7736 | D:8      | Learned a level 4 spell: Manifold Assault
  7739 | D:8      | Learned a level 2 spell: Blink
  7827 | D:9      | Noticed Psyche
  7834 | D:9      | Killed Psyche
  7958 | D:9      | Reached ***** piety under Hepliaklqana
  7991 | D:9      | Identified the +1 chain mail of the Onion {Str+4}
  8101 | D:9      | Reached skill level 12 in Unarmed Combat
  8716 | D:10     | Entered Level 10 of the Dungeon
  8861 | D:10     | Found a white marble altar of Elyvilon.
  8871 | D:10     | Found a glowing silver altar of Zin.
  8999 | D:10     | Found an ornate altar of the Wu Jian Council.
  9073 | D:10     | Found a staircase to the Orcish Mines.
  9077 | D:10     | Noticed a two-headed ogre
  9102 | D:10     | Killed a two-headed ogre
  9336 | D:11     | Noticed Snorg
  9342 | D:11     | Killed Snorg
  9503 | D:11     | Noticed a two-headed ogre
  9511 | D:11     | Noticed a skeletal warrior
  9512 | D:11     | Killed a two-headed ogre
  9513 | D:11     | Noticed a skeletal warrior
  9515 | D:11     | Noticed a skeletal warrior
  9519 | D:11     | Noticed a two-headed ogre
  9521 | D:11     | Killed a skeletal warrior
  9524 | D:11     | Killed a skeletal warrior
  9525 | D:11     | Reached XP level 12. HP: 82/108 MP: 8/12
  9576 | D:11     | Reached skill level 13 in Unarmed Combat
  9583 | D:11     | Killed a two-headed ogre
  9938 | D:11     | Noticed a centaur warrior
  9958 | D:11     | Noticed Nergalle
  9965 | D:11     | Killed a centaur warrior
  9966 | D:11     | Reached skill level 5 in Armour
 10122 | D:11     | Killed Nergalle
 10157 | D:11     | Found a staircase to the Lair.
 10524 | D:12     | Noticed a boulder beetle
 10538 | D:12     | Killed a boulder beetle
 10679 | D:12     | Noticed Josephine
 10694 | D:12     | Killed Josephine
 10695 | D:12     | Reached skill level 14 in Unarmed Combat
 11176 | D:12     | Found a runed translucent door.
 11176 | D:12     | Found a runed translucent door.
 11177 | D:12     | Noticed a deep elf annihilator
 11177 | D:12     | Found a runed translucent door.
 11177 | D:12     | Noticed a tengu reaver
 11226 | D:12     | Reached XP level 13. HP: 90/117 MP: 9/13
 11295 | D:12     | You fall into a shaft and drop 2 floors!
 11711 | D:13     | Reached skill level 5 in Translocations
 11834 | D:13     | Found a viscous altar of Jiyva.
 12015 | D:13     | Reached ****** piety under Hepliaklqana
 12773 | D:14     | Found a gate to the Vaults.
 13290 | D:14     | Found a sparkling altar of Nemelex Xobeh.
 13541 | D:14     | Reached skill level 15 in Unarmed Combat
 13572 | D:14     | HP: 3/117 [barbs]
 13950 | D:14     | Gained mutation: You are strong-willed. (Will+) [potion of
                  | mutation]
 13950 | D:14     | Gained mutation: Your magical capacity is low. (-10% MP)
                  | [potion of mutation]
 13950 | D:14     | Gained mutation: You are clumsy. (Dex -2) [potion of
                  | mutation]
 13950 | D:14     | Gained mutation: You are highly strong-willed. (Will++)
                  | [potion of mutation]
 14157 | D:7      | Killed lunkers's ghost
 14213 | D:8      | Killed avis's ghost
 14465 | D:12     | Killed a deep elf annihilator
 14467 | D:12     | Killed a tengu reaver
 14475 | D:12     | Reached XP level 14. HP: 105/126 MP: 10/13
 14662 | D:12     | Reached skill level 10 in Dodging
 14759 | D:12     | Reached skill level 10 in Fighting
 14862 | D:12     | Identified the amulet of Soupn {Reflect +Inv rElec Str+6
                  | SH+5}
 14878 | D:12     | Identified the +0 scale mail "Wusenap" {Str+2 Dex+4}
 15477 | D:15     | Entered Level 15 of the Dungeon
 15567 | D:15     | Found Jeodub's Book Emporium.
 15588 | D:15     | Found an ancient bone altar of Kikubaaqudgha.
 15644 | D:15     | Found a shimmering altar of Xom.
 15907 | D:15     | Reached skill level 16 in Unarmed Combat
 16004 | D:15     | Found Zaehoat's Assorted Antiques.
 16013 | D:15     | Found a staircase to the Depths.
 16057 | D:15     | HP: 3/128 [freezing wraith (20)]
 16064 | D:15     | HP: 6/128 [freezing wraith (5)]
 16198 | D:15     | Bought a glowing eveningstar for 378 gold pieces
 16198 | D:15     | Bought a fuming puce potion for 18 gold pieces
 16220 | D:15     | Mangled by a stone giant skeleton

Illustrated notes

Levels and vault maps discovered:
D:1:      amcnicky_arrival_underground_garden, layout_basic
D:2:      layout_loops_ring, chequers_ecumenical_altar_island
D:3:      layout_basic, serial_bayou_crossing, uniq_natasha
D:4:      layout_cave_pods, hangedman_abyss_or_decor_passed
D:5:      layout_loops_ring, mainiacjoe_overflow_24_doors,
          gammafunk_ghost_stat_death
D:6:      layout_basic, mainiacjoe_overflow_boulevard, temple_green
D:7:      layout_rooms, beargit_hepliaklqana_dungeon_heroes, enter_bailey_2,
          serial_shops, kennysheep_little_box, ebering_ghost_xom,
          minmay_joined_circles
D:8:      layout_cave_pools, mainiacjoe_overflow_catwalk, chei_slow_surprise,
          mainiacjoe_overflow_brackets, ebering_ghost_inner_flame,
          nicolae_shop_i_like_big_books, chequers_serial_rivers_room_a,
          minmay_pinched_square
D:9:      layout_loops_corners, uniq_psyche
D:10:     layout_rooms, nzn_wu_jian_contemplation, mainiacjoe_overflow_big_doors
D:11:     minmay_inner_zag, layout_loops_cross, erik_lair_orcish_takeover,
          uniq_nergalle, uniq_snorg
D:12:     minmay_the_grid_triangle_9x9_rhombus_full
          [minmay_the_grid_triangle_9x9_fully_insulated_deathbox,
          minmay_the_grid_triangle_9x9_swiss_cheese,
          minmay_the_grid_triangle_9x9_intruding_spiral,
          minmay_the_grid_triangle_9x9_sparse_checkered,
          minmay_the_grid_triangle_9x9_thin_v,
          minmay_the_grid_triangle_9x9_shrine,
          minmay_the_grid_triangle_9x9_flanged_cone,
          minmay_the_grid_triangle_9x9_prize_center], layout_stronghold,
          uniq_josephine
D:13:     layout_loops_corners, jiyva_altar_1
D:14:     minmay_polygon_palace, layout_small_grid, erik_vaults_1,
          nemelex_xobeh_ov_fountains_minmay
D:15:     gammafunk_depths_entry_grave, layout_cave_pools, serial_shops, shop,
          nicolae_inconvenience_store, nicolae_kikubaaqudgha_miasma_corner,
          xom_teletrap_fun
Temple:   dshaligram_water_room_temple

Skill      XL: |  1  2  3  4  5  6  7  8  9 10 11 12 13 14 |
---------------+-------------------------------------------+-----
Unarmed Combat | 3 4 5 6 7 8 9 10 11 12 14 15 16 | 16.1
Dodging        | 3 4 6 7 8 9 10 | 10.2
Fighting       | 2 4 6 7 8 9 10 | 10.1
Armour         | 2 4 5 6 7 |  7.5
Translocations | 3 4 6 |  6.6
Throwing       | |  0.8
Spellcasting   | |  1.8

Action                   |  1- 3 |  4- 6 |  7- 9 | 10-12 | 13-15 || total
-------------------------+-------+-------+-------+-------+-------++-------
Melee: Unarmed           |    80 |   106 |   191 |   431 |   305 ||  1113
       Punch             |       |     1 |    10 |    31 |    28 ||    70
       Quarterstaff      |       |       |       |       |     7 ||     7
Throw: Boomerang         |     7 |       |       |       |       ||     7
 Cast: Manifold Assault  |       |       |       |       |     1 ||     1
Invok: Ancestor Identity |     1 |       |     1 |       |       ||     2
       Recall Ancestor   |     1 |       |       |       |     1 ||     2
       Ancestor Life: Ba |       |     1 |       |       |       ||     1
Evoke: Wand              |       |       |       |       |    14 ||    14
  Use: Scroll            |       |    11 |     5 |    17 |     6 ||    39
       Potion            |       |       |       |     3 |    15 ||    18
 Stab: Sleeping          |     1 |       |     1 |       |       ||     2
       Distracted        |       |       |     2 |     6 |     2 ||    10
Armor: Robe              |    26 |    33 |    48 |       |       ||   107
       Troll leather arm |       |       |     7 |    43 |       ||    50
       Acid dragon scale |       |       |       |    80 |   100 ||   180
Dodge: Dodged            |    35 |    50 |   108 |   236 |   195 ||   624
Block: Other             |       |       |       |       |    15 ||    15

Table legend: (Time is in decaauts)
 A = Elapsed time spent in this place.
 B = Non-inter-level travel time spent in this place.
 C = Inter-level travel time spent in this place.
 D = Time resting spent in this place.
 E = Time spent auto-exploring this place.
 F = Levels seen in this place.
 G = Mean time per level.
                   A        B        C        D        E       F      G
               +--------+--------+--------+--------+--------+-----+--------+
         Total |  16052 |  14375 |   1677 |    908 |  10600 |  17 |  944.2 |
       Dungeon |  15546 |  13890 |   1656 |    866 |  10404 |  15 | 1036.4 |
        Temple |    108 |     87 |     21 |      0 |     75 |   1 |  108.0 |
        Bailey |    397 |    397 |      0 |     42 |    121 |   1 |  397.0 |
               +--------+--------+--------+--------+--------+-----+--------+

Top non-repeatable levels by time:
    D:12: 1907 daAuts
    D:14: 1742 daAuts
     D:3: 1438 daAuts
    D:11: 1303 daAuts
     D:7: 1149 daAuts
    D:13: 1037 daAuts
     D:9: 1017 daAuts
     D:4: 899 daAuts
     D:8: 882 daAuts
     D:5: 839 daAuts
     D:1: 781 daAuts
     D:6: 763 daAuts
     D:2: 619 daAuts
    D:10: 606 daAuts
    D:15: 558 daAuts
